 Dungeon Crawl Stone Soup version 0.26-a0-962-g9b92081034 (webtiles) character file.

Game seed: 14179357353658656190

63 Dracia the Unweaver (level 3, -1/29 HPs)
             Began as a Demonspawn Abyssal Knight on Dec 2, 2020.
             Was a Follower of Lugonu.
             Slain by a quokka (2 damage)
             ... on level 2 of the Dungeon.
             The game lasted 00:02:50 (2217 turns).

Dracia the Unweaver (Demonspawn Abyssal Knight)     Turns: 2217, Time: 00:02:50

Health: -1/29      AC:  3    Str:  9    XL:     3   Next: 87%
Magic:  6/6        EV: 11    Int: 13    God:    Lugonu [*.....]
Gold:   84         SH:  0    Dex: 12    Spells: 2/2 levels left

rFire    . . .     SeeInvis .   a - +1 spear
rCold    . . .     Faith    .   (no shield)
rNeg     . . .     Spirit   .   b - +0 leather armour
rPois    .         Reflect  .   (no helmet)
rElec    .         Harm     .   c - scarf {+Inv}
rCorr    .         Rampage  .   (no gloves)
MR       .....                  (no boots)
Stlth    +.........             (no amulet)
HPRegen  0.09/turn              e - -4 ring of strength (curse)
MPRegen  0.10/turn              (no ring)

@: no status effects
A: claws 1, demonic guardian 1
a: Depart the Abyss, Renounce Religion, Evoke Invisibility


You were on level 2 of the Dungeon.
You worshipped Lugonu.
Lugonu was aware of your devotion.
You visited 1 branch of the dungeon, and saw 2 of its levels.
You visited the Abyss 1 time.

You collected 84 gold pieces.


Innate Abilities, Weirdness & Mutations

You have sharp fingernails.
A weak demonic guardian rushes to your aid.


   Skills:
 - Level 3.0 Fighting
 + Level 3.0 Polearms
 - Level 1.7 Armour
 - Level 0.8 Dodging
 + Level 4.2 Invocations


You had 2 spell levels left.
You didn't know any spells.
Your spell library contained the following spells:

 Spells                   Type           Power        Failure   Level
 Animate Skeleton         Necr           #.....       38%         1
 Apportation              Tloc           #.....       38%         1
 Corona                   Hex            #......      38%         1
 Summon Small Mammal      Summ           #...         38%         1

Inventory:

Hand Weapons
 a - a +1 spear (weapon)
Armour
 b - a +0 leather armour (worn)
 c - a scarf of invisibility (worn)
Jewellery
 e - a cursed -4 ring of strength (left claw)
Scrolls
 f - a scroll of teleportation {@r4@r4}
 g - 5 scrolls of identify {unknown}
 h - a scroll of enchant weapon {unknown}
 i - a scroll of noise {unknown}
Potions
 d - 2 potions of curing {unknown}
 j - a potion of might {unknown}

Dungeon Overview and Level Annotations

Branches:
Dungeon (2/15)

Altars:

.≈...≈≈# #..#
..≈..≈≈# #..#####..
..≈..≈≈# ##........
≈≈...≈## #..####..
.....## ##.##
.....# #..# .....##
##.## ......# #..#
########## ##@#
.)..............r.#
################..#
....#.. ...#
###.#.# #####...#
..#.#.# #...#...#
..#.#.# #.#.#.#.#
..#.#.# #.#.#. .#
....#.# #.#.#


You could see a quokka.


Message History

You are too injured to fight recklessly!
You closely miss the quokka. The quokka barely misses you.
You hit the quokka but do no damage. The quokka bites you.
* * * LOW HITPOINT WARNING * * *
You miss the quokka. The quokka bites you.
* * * LOW HITPOINT WARNING * * *
You barely miss the quokka. The quokka bites you.
* * * LOW HITPOINT WARNING * * *
You hit the quokka but do no damage. The quokka closely misses you.
You closely miss the quokka. The quokka barely misses you.
You closely miss the quokka.
The quokka bites you but does no damage.
The quokka barely misses you.
You closely miss the quokka. The quokka barely misses you.
You hit the quokka but do no damage. The quokka bites you.
* * * LOW HITPOINT WARNING * * *
You closely miss the quokka.
The quokka bites you but does no damage.
You closely miss the quokka.
The quokka bites you but does no damage.
You closely miss the quokka. The quokka bites you.
* * * LOW HITPOINT WARNING * * *
You closely miss the quokka. The quokka misses you.
You hit the quokka but do no damage. The quokka bites you.
* * * LOW HITPOINT WARNING * * *
The quokka closely misses you.
You hit the quokka.
The quokka is moderately wounded.
The quokka bites you.
You die...

Skill      XL: |  1  2  3 |
---------------+----------+-----
Polearms       | 2 3 |  3.0
Invocations    | 3 4 |  4.2
Fighting       | |  3.0
Armour         | |  1.7
Dodging        | |  0.8

Action                   || total
-------------------------++-------
Melee: Spear             ||   197
Invok: Depart the Abyss  ||     1
  Use: Scroll            ||     2
 Stab: Sleeping          ||     1
Armor: Leather armour    ||    33
Dodge: Dodged            ||    85

Levels and vault maps discovered:
D:1:      saegor_arrival_simple_a, layout_rooms, serial_bayou_crossing
D:2:      cheibrodos_helix_gallery, layout_basic

Notes
Turn   | Place    | Note
-------+----------+-------------------------------------------
     0 | Abyss:1  | Dracia the Demonspawn Abyssal Knight began the quest for
                  | the Orb.
     0 | Abyss:1  | Reached XP level 1. HP: 18/18 MP: 2/2
    40 | Abyss:1  | Found a corrupted altar of Lugonu.
    55 | Abyss:1  | Found a corrupted altar of Lugonu.
   104 | Abyss:1  | Noticed an orange demon
   105 | D:1      | You pass through the gate.
   105 | D:1      | Escaped the Abyss
   281 | D:1      | Reached skill level 2 in Polearms
   338 | D:1      | Reached skill level 3 in Invocations
   338 | D:1      | Gained mutation: A weak demonic guardian rushes to your
                  | aid. [demonic ancestry]
   338 | D:1      | Reached XP level 2. HP: 7/24 MP: 2/4
   924 | D:2      | Reached * piety under Lugonu
  1206 | D:2      | Gained mutation: You have sharp fingernails. [demonic
                  | ancestry]
  1206 | D:2      | Reached XP level 3. HP: 23/29 MP: 5/5
  1339 | D:2      | HP: 1/29 [leopard gecko (2)]
  1682 | D:2      | Reached skill level 4 in Invocations
  2118 | D:2      | Reached skill level 3 in Polearms
  2216 | D:2      | HP: 1/29 [quokka (2)]
  2217 | D:2      | Slain by a quokka

Vanquished Creatures
  An adder (D:2)
  An ooze (D:1)
  2 dart slugs
  2 worms (D:2)
  A leopard gecko (D:2)
  6 bats
  6 goblins
  4 hobgoblins
  4 jackals (D:2)
  2 kobolds (D:2)
  3 frilled lizards (D:2)
  5 rats
37 creatures vanquished.

Table legend: (Time is in decaauts)
 A = Elapsed time spent in this place.
 B = Non-inter-level travel time spent in this place.
 C = Inter-level travel time spent in this place.
 D = Time resting spent in this place.
 E = Time spent auto-exploring this place.
 F = Levels seen in this place.
 G = Mean time per level.
                   A        B        C        D        E       F      G
               +--------+--------+--------+--------+--------+-----+--------+
         Total |   2214 |   2192 |     22 |    530 |   1346 |   3 |  738.0 |
       Dungeon |   2109 |   2087 |     22 |    530 |   1242 |   2 | 1054.5 |
         Abyss |    105 |    105 |      0 |      0 |    104 |   1 |  105.0 |
               +--------+--------+--------+--------+--------+-----+--------+

Top non-repeatable levels by time:
     D:2: 1301 daAuts
     D:1: 808 daAuts
 Abyss:1: 105 daAuts

Table legend:
 A = Non-vault XP
 B = Vault XP
 C = Vault XP percentage of total XP
 D = Non-vault monster count
 E = Vault monster count
 F = Vault count percentage of total count
                 A         B        C        D         E       F
            +---------+---------+-------+---------+---------+-------
      Total |      87 |       3 |   3.3 |      35 |       2 |   5.4
            +---------+---------+-------+---------+---------+-------
        D:1 |      30 |       0 |   0.0 |      13 |       0 |   0.0
        D:2 |      57 |       3 |   5.0 |      22 |       2 |   8.3
            +---------+---------+-------+---------+---------+-------
